 Dungeon Crawl Stone Soup version 0.15.2 (webtiles) character file.

35056 peterlawrence the Warrior (level 13, -2/130 HPs)
             Began as a Minotaur Fighter on July 25, 2023.
             Was a High Priest of Okawaru.
             Slain by an orange rat (3 damage)
             ... on Level 3 of the Lair of Beasts.
             The game lasted 00:26:43 (14842 turns).

peterlawrence the Warrior (Minotaur Fighter)       Turns: 14842, Time: 00:26:43

HP  -2/130       AC 24     Str 23      XL: 13   Next: 45%
MP  19/19        EV  4     Int  5      God: Okawaru [*****.]
Gold 1066        SH 10     Dex 13      Spells:  0 memorised, 12 levels left

rFire  . . .     SeeInvis .     G - +3 morningstar (freeze)
rCold  + . .     Clarity  .     v - +0 plate armour
rNeg   . . .     rCorr    .     c - +1 shield
rPois  .         rRot     .     (helmet restricted)
rElec  .         Spirit   .     a - +2 cloak
SustAb .         Warding  .     s - +2 pair of gloves {archery}
rMut   .         Stasis   .     t - +0 pair of boots
Gourm  .                        (no amulet)
MR     .....                    (no ring)
                                q - ring of protection from cold

@: studying Armour, heavily drained, not resistant to hostile enchantments,
extremely unstealthy
A: retaliatory headbutt, horns 2
a: Heroism, Finesse, Renounce Religion


You were on level 3 of the Lair of Beasts.
You worshipped Okawaru.
Okawaru was extremely pleased with you.
You were not hungry.

You visited 3 branches of the dungeon, and saw 14 of its levels.
You also visited: Ice Cave.

You collected 1080 gold pieces.
You spent 14 gold pieces at shops.

Inventory:

Hand weapons
 h - a +1 morningstar of crushing
 G - a +3 morningstar of freezing (weapon)
Armour
 a - a +2 cloak (worn)
 c - a +1 shield (worn)
 s - a +2 pair of gloves of archery (worn)
 t - a +0 pair of boots (worn)
 v - a +0 plate armour (worn)
 I - a +2 cloak
Magical devices
 b - a wand of polymorph (11)
 m - a wand of frost (23)
 x - a wand of digging (13)
Comestibles
 d - 4 bread rations
 k - 9 meat rations
 M - a slice of pizza
Scrolls
 f - 2 scrolls of remove curse
 g - 2 scrolls of magic mapping
 n - a scroll of silence
 o - 3 scrolls of identify
 y - 3 scrolls of teleportation
 z - 8 scrolls of fog
 B - 2 scrolls of enchant armour
 F - a scroll of recharging
 K - a scroll of brand weapon
Jewellery
 q - a ring of protection from cold (left hand)
 u - an uncursed ring of sustain abilities
Potions
 e - 2 potions of might
 p - 2 potions of heal wounds
 r - a potion of resistance
 A - 2 potions of haste
 C - 3 potions of mutation
 E - a potion of berserk rage
 J - a potion of restore abilities
Books
 j - a manual of Armour


   Skills:
 - Level 16.7(14.5) Fighting
 - Level 16.2(14.0) Maces & Flails
 - Level 14.6(12.5) Armour
 - Level 0.7(0.0) Dodging
 - Level 4.3(2.7) Shields
 + Level 6.7(4.9) Invocations


You had 12 spell levels left.
You didn't know any spells.

Dungeon Overview and Level Annotations

Branches:
Dungeon (10/15)            Temple (1/1) D:7            Lair (3/8) D:10
    Orc: D:9-12       Swamp: Lair:3-6    Shoals: Lair:3-6     Snake: Lair:3-6
 Spider: Lair:3-6

Altars:
Ashenzari
Cheibriados
Dithmenos
Elyvilon
Fedhas
Kikubaaqudgha
Makhleb
Nemelex Xobeh
Okawaru
Qazlal
Sif Muna
Trog
Vehumet
Xom
Yredelemnul
Zin
The Shining One

Shops:
D:6 *


Innate Abilities, Weirdness & Mutations

You reflexively headbutt those who attack you in melee.
You have a pair of horns on your head.


Message History

* * * LOW HITPOINT WARNING * * *
The orange rat bites you!
* * * LOW HITPOINT WARNING * * *
You see here an orange rat corpse.
You puncture the orange rat! You freeze the orange rat.
You kill the orange rat!
Okawaru accepts your kill.
The orange rat bites you but does no damage.
The orange rat bites you but does no damage.
The orange rat bites you!
* * * LOW HITPOINT WARNING * * *
You feel drained.
* * * LOW HITPOINT WARNING * * *
Your shield and plate armour prevent you from hitting the orange rat.
The orange rat bites you.
* * * LOW HITPOINT WARNING * * *
You hit the orange rat. You freeze the orange rat. You headbutt the orange rat.
The orange rat is moderately wounded.
The orange rat bites you.
You die...

#...#.....##..........
#..##.................
#.....................
##.##.....##..........
#........###..........
#..##.####............
#.....................
##...r................
#..%@................
##....................
#...........[.........
##....................
##....................
#.....................
##..####.##.#.........
#P.####...###.........
##.#..%....##.........


You could see an orange rat.

Vanquished Creatures
  A frost giant (IceCv)
  Fannar (D:10)
  A hydra (Lair:1)
  The ghost of peterlawrence the Severer, an experienced MiFi of Okawaru (D:8)
  A death yak (IceCv)
  2 hill giants (D:10)
  4 elephants (Lair:3)
  2 griffons
  Joseph (D:8)
  A black mamba (Lair:1)
  A komodo dragon (Lair:1)
  5 spiny frogs
  A fire drake (Lair:2)
  2 trolls (D:9)
  16 polar bears (IceCv)
  15 blink frogs
  A basilisk (Lair:3)
  A wyvern (D:9)
  A deep elf mage (D:6)
  2 hungry ghosts
  26 yaks
  6 hippogriffs
  Edmund (D:8)
  Menkaure (D:5)
  2 soldier ants (D:10)
  24 wolves
  20 porcupines
  6 water moccasins
  An ogre (D:10)
  4 sky beasts
  3 orc warriors
  3 phantoms
  11 ice beasts
  6 crocodiles
  Duvessa (D:4)
  A big kobold (D:7)
  4 centaurs
  11 giant frogs
  A wyvern zombie (D:8)
  A gnoll sergeant (D:7)
  3 scorpions
  An electric eel (Lair:1)
  9 killer bees (D:8)
  17 wights
  A quasit (D:10)
  2 goliath beetles
  Dowan (D:4)
  7 crimson imps
  3 orc priests
  3 jellies
  2 centaur zombies
  A gnoll shaman (D:6)
  11 worker ants
  9 hounds
  Natasha (thrice) (D:6)
  7 orc wizards
  9 iguanas
  17 orange rats
  Ijyb (D:4)
  Jessica (D:5)
  A mummy (D:6)
  A worker ant zombie (D:10)
  17 green rats
  21 adders
  3 giant mites
  2 orc skeletons
  5 shadow imps
  7 gnolls
  4 worms
  9 giant geckos
  39 orcs
  11 bats
  7 giant cockroaches
  15 goblins
  14 hobgoblins
  11 jackals
  5 quokkas
  5 giant newts
  21 kobolds
  A kobold skeleton (D:4)
  36 rats
  11 ballistomycetes (D:7)
547 creatures vanquished.

Vanquished Creatures (others)
  An orc wizard (D:6)
  A giant spore (D:7)
2 creatures vanquished.

Grand Total: 549 creatures vanquished

Notes
Turn   | Place    | Note
--------------------------------------------------------------
     0 | D:1      | peterlawrence, the Minotaur Fighter, began the quest for the Orb.
     0 | D:1      | Reached XP level 1. HP: 19/19 MP: 1/1
   119 | D:1      | Reached XP level 2. HP: 22/27 MP: 1/1
   145 | D:1      | Reached skill level 4 in Armour
   548 | D:2      | Reached XP level 3. HP: 29/33 MP: 2/2
   687 | D:2      | Found a blossoming altar of Fedhas.
   699 | D:2      | Reached XP level 4. HP: 35/40 MP: 2/2
   992 | D:3      | Reached XP level 5. HP: 34/46 MP: 2/2
  1199 | D:3      | Reached skill level 5 in Maces & Flails
  1255 | D:3      | Noticed a giant frog
  1258 | D:3      | Killed a giant frog
  1258 | D:3      | Reached skill level 6 in Maces & Flails
  1297 | D:3      | Found a glowing silver altar of Zin.
  1560 | D:3      | Reached XP level 6. HP: 52/52 MP: 3/3
  1574 | D:4      | Noticed Ijyb
  1582 | D:4      | Killed Ijyb
  1769 | D:4      | Noticed Dowan
  1774 | D:4      | Killed Dowan
  1775 | D:4      | Noticed Duvessa
  1788 | D:4      | Killed Duvessa
  1788 | D:4      | Reached skill level 7 in Maces & Flails
  2546 | D:4      | Reached skill level 8 in Maces & Flails
  2546 | D:4      | Reached XP level 7. HP: 59/59 MP: 3/3
  2987 | D:5      | Entered Level 5 of the Dungeon
  3096 | D:5      | Found an iron altar of Okawaru.
  3127 | D:5      | Reached skill level 9 in Maces & Flails
  3253 | D:5      | Reached skill level 10 in Maces & Flails
  3272 | D:5      | Found a burning altar of Makhleb.
  3330 | D:5      | Reached XP level 8. HP: 45/66 MP: 3/3
  3709 | D:5      | Noticed Jessica
  3717 | D:5      | Found a deep blue altar of Sif Muna.
  3724 | D:5      | Killed Jessica
  3773 | D:5      | Reached skill level 11 in Maces & Flails
  3835 | D:5      | Noticed Menkaure
  3837 | D:5      | Killed Menkaure
  4054 | D:6      | Reached skill level 12 in Maces & Flails
  4331 | D:6      | Identified a scroll of acquirement
  4339 | D:6      | Found a deep blue altar of Sif Muna.
  4471 | D:6      | Noticed Natasha
  4481 | D:6      | Killed Natasha
  4499 | D:6      | Reached skill level 13 in Maces & Flails
  4499 | D:6      | Reached XP level 9. HP: 61/71 MP: 4/4
  4810 | D:6      | Noticed Natasha
  4828 | D:6      | Killed Natasha
  4854 | D:6      | Noticed Natasha
  4872 | D:6      | Killed Natasha
  4967 | D:6      | Found Osame's General Store.
  4972 | D:6      | Bought a scroll of random uselessness for 14 gold pieces
  5127 | D:6      | Reached skill level 14 in Maces & Flails
  5392 | D:7      | Found a staircase to the Ecumenical Temple.
  5571 | Temple   | Entered the Ecumenical Temple
  5677 | D:8      | Noticed peterlawrence's ghost (experienced MiFi)
  5695 | D:8      | Killed peterlawrence's ghost
  5695 | D:8      | Reached skill level 15 in Maces & Flails
  6001 | D:7      | Found an ancient bone altar of Kikubaaqudgha.
  6055 | D:7      | Reached XP level 10. HP: 67/79 MP: 4/4
  6392 | D:7      | Reached skill level 16 in Maces & Flails
  7139 | D:8      | Reached skill level 5 in Fighting
  7186 | D:8      | Noticed Joseph
  7201 | D:8      | Killed Joseph
  7245 | D:8      | Noticed Edmund
  7261 | D:8      | Killed Edmund
  7972 | D:9      | Found a shimmering altar of Xom.
  7973 | D:9      | Found a shimmering altar of Xom.
  7975 | D:9      | Found a shimmering altar of Xom.
  8019 | D:9      | Found a glowing golden altar of the Shining One.
  8024 | D:9      | Found a shattered altar of Ashenzari.
  8027 | D:9      | Found a stormy altar of Qazlal.
  8171 | D:9      | Noticed a cyclops
  8171 | D:9      | Noticed a fire crab
  8171 | D:9      | a cyclops changed into a fire crab
  8212 | D:9      | Found a bloodstained altar of Trog.
  8308 | D:9      | Reached skill level 10 in Fighting
  8859 | D:5      | Became a worshipper of Warmaster Okawaru
  8979 | D:10     | Entered Level 10 of the Dungeon
  9093 | D:10     | Reached XP level 11. HP: 101/101 MP: 4/4
  9220 | D:10     | Found a staircase to the Lair.
  9510 | D:10     | Found a radiant altar of Vehumet.
  9513 | D:10     | Noticed a hill giant
  9520 | D:10     | Killed a hill giant
  9623 | D:10     | Noticed Fannar
  9646 | D:10     | Killed Fannar
  9649 | D:10     | Acquired Okawaru's first power
  9925 | D:10     | Noticed Sonja
  9927 | D:10     | Noticed Sonja
  9927 | D:10     | Sonja changed into Sonja the soldier ant
  9935 | D:10     | Killed Sonja the soldier ant
 10037 | D:10     | Noticed a hill giant
 10044 | D:10     | Killed a hill giant
 10044 | D:10     | Reached skill level 5 in Invocations
 10228 | Lair:1   | Entered Level 1 of the Lair of Beasts
 10386 | Lair:1   | Noticed a seven-headed hydra
 10392 | Lair:1   | Killed a seven-headed hydra
 10474 | Lair:1   | Found a frozen archway.
 10510 | IceCv    | Entered an ice cave
 11089 | IceCv    | Reached XP level 12. HP: 113/117 MP: 15/15
 11216 | IceCv    | Noticed a death yak
 11226 | IceCv    | Killed a death yak
 11226 | IceCv    | Reached skill level 15 in Fighting
 11341 | IceCv    | Noticed a frost giant
 11393 | IceCv    | Killed a frost giant
 11964 | Lair:1   | Reached skill level 5 in Armour
 11971 | Lair:1   | Acquired Okawaru's second power
 13023 | Lair:2   | Reached XP level 13. HP: 104/130 MP: 18/18
 13058 | Lair:2   | Reached skill level 10 in Armour
 13956 | Lair:3   | Received a gift from Okawaru
 14094 | Lair:3   | Found a burning altar of Makhleb.
 14840 | Lair:3   | HP: 6/130 [orange rat (4)]
 14841 | Lair:3   | HP: 1/130 [orange rat (5)]
 14842 | Lair:3   | Slain by an orange rat

Action                   |  1- 3 |  4- 6 |  7- 9 | 10-12 | 13-15 || total
-------------------------+-------+-------+-------+-------+-------++-------
Melee: Flail             |    93 |    52 |       |       |       ||   145
       Morningstar       |       |   118 |   385 |   816 |   263 ||  1582
       Unarmed           |       |       |    10 |       |       ||    10
Invok: Heroism           |       |       |       |     4 |       ||     4
Evoke: Wand              |       |     1 |       |     5 |       ||     6
  Use: Scroll            |       |    13 |     5 |    11 |     2 ||    31
       Potion            |       |       |     1 |     4 |       ||     5
 Stab: Fleeing           |       |       |       |     2 |       ||     2
  Eat: Pizza             |       |     1 |     1 |     1 |     1 ||     4
       Chunk             |       |     3 |    10 |     8 |       ||    21
       Fruit             |       |       |     2 |       |     3 ||     5
       Beef jerky        |       |       |       |     3 |     2 ||     5
       Royal jelly       |       |       |       |     3 |       ||     3
       Bread ration      |       |       |       |     1 |       ||     1
